[ AOE2 MATCH · #478714659 ]
UnrankedTeutons vs Turks
[ REPLAY ANALYSIS · EXTRACTED FROM THE RECORDED GAME ]
Feudal
21:03
Castle
34:45
Imperial
—
| APM avg | 27.5 |
| APM peak | 50 |
| eAPM avg | 12.9 |
| Villagers / military | 53 / 34 |
Focus
⚔️ 40.1% · 🌾 59.9%
Spearman ×21 · Cavalry Archer ×7 · Skirmisher ×5 · Scout Cavalry ×1
Feudal
15:49
Castle
19:49
Imperial
—
| APM avg | 32.4 |
| APM peak | 75 |
| eAPM avg | 14.2 |
| Villagers / military | 103 / 8 |
Focus
⚔️ 10.8% · 🌾 89.2%
Trade Cart ×28 · Monk ×4 · Camel Scout ×2 · Scout Cavalry ×2
Feudal
—
Castle
—
Imperial
—
| APM avg | 9.2 |
| APM peak | 46 |
| eAPM avg | 5.7 |
| Villagers / military | 35 / 10 |
Focus
⚔️ 29.0% · 🌾 71.0%
Unknown (1952) ×15 · Unknown (1949) ×4 · Spearman ×3 · Scout Cavalry ×3 · Militia ×2 · Mangonel ×2
Feudal
14:06
Castle
18:45
Imperial
—
| APM avg | 18.2 |
| APM peak | 57 |
| eAPM avg | 9.4 |
| Villagers / military | 71 / 33 |
Focus
⚔️ 13.6% · 🌾 86.4%
Cavalry Archer ×33
Feudal
34:20
Castle
—
Imperial
—
| APM avg | 13.8 |
| APM peak | 56 |
| eAPM avg | 4.0 |
| Villagers / military | 14 / 5 |
Focus
⚔️ 9.6% · 🌾 90.4%
Militia ×5
Feudal
14:27
Castle
18:27
Imperial
34:54
| APM avg | 55.1 |
| APM peak | 97 |
| eAPM avg | 25.6 |
| Villagers / military | 111 / 10 |
Focus
⚔️ 19.6% · 🌾 80.4%
Unknown (1263) ×7 · Battering Ram ×5 · Trade Cart ×4 · Scout Cavalry ×4 · Trebuchet (Packed) ×1
Match map
Initial resources + every placement click. Lines = walls · curves = elevation contours. ◆ gold · ⬟ stone · ● berries · ✦ relic · ◌ wall gap
Your base· Open — unwalled flank
289487648's base· Open — unwalled flank
SixSoulSaint's base· Open — 4t gap
ハク's base· Open — unwalled flank
Raikadeptrai's base· Open — unwalled flank
Alaric the Visigoth's base· Open — unwalled flank
Smoothed initial terrain · ◌ = detected wall gap · hover for details
Inputs per minute
— Twixxo - - 289487648
Build order — Twixxo
First 150 of 158 actions detected
| 3:40 | Build | Town Center |
| 5:01 | Build | House |
| 5:02 | Build | House |
| 5:17 | Create | Villager (Male) |
| 5:18 | Create | Villager (Male) |
| 5:18 | Create | Villager (Male) |
| 5:19 | Create | Villager (Male) |
| 7:00 | Create | Villager (Male) |
| 7:23 | Create | Villager (Male) |
| 7:36 | Create | Villager (Male) |
| 7:43 | Build | House |
| 8:07 | Create | Villager (Male) |
| 8:31 | Create | Villager (Male) |
| 8:41 | Create | Villager (Male) |
| 8:50 | Build | House |
| 9:00 | Research | Loom |
| 9:00 | Create | Villager (Male) |
| 9:20 | Create | Villager (Male) |
| 10:19 | Build | Lumber Camp |
| 10:31 | Create | Villager (Male) |
| 10:33 | Create | Villager (Male) |
| 10:39 | Build | House |
| 10:42 | Create | Villager (Male) |
| 11:08 | Create | Villager (Male) |
| 11:53 | Create | Villager (Male) |
| 12:12 | Create | Villager (Male) |
| 12:17 | Create | Villager (Male) |
| 13:19 | Create | Villager (Male) |
| 13:31 | Create | Villager (Male) |
| 13:53 | Build | Mill |
| 13:55 | Create | Villager (Male) |
| 14:15 | Create | Villager (Male) |
| 15:17 | Build | Barracks |
| 15:21 | Create | Villager (Male) |
| 15:28 | Create | Villager (Male) |
| 15:30 | Create | Villager (Male) |
| 16:40 | Build | Farm |
| 16:43 | Build | Farm |
| 16:50 | Build | Farm |
| 16:53 | Build | Farm |
| 16:56 | Build | Farm |
| 17:56 | Build | Farm |
| 18:53 | Research | Feudal Age |
| 19:55 | Create | Villager (Male) |
| 20:55 | Build | Farm |
| 20:58 | Build | Farm |
| 21:01 | Build | House |
| 21:02 | Create | Villager (Male) |
| 21:03 | Age | Feudal Age |
| 21:12 | Create | Spearman |
| 21:19 | Research | Wheelbarrow |
| 21:32 | Create | Spearman ×3 |
| 21:58 | Build | Watch Tower |
| 22:17 | Create | Spearman |
| 22:21 | Create | Spearman |
| 22:31 | Create | Spearman |
| 22:45 | Build | House |
| 22:48 | Build | Stable |
| 23:04 | Build | Watch Tower |
| 23:09 | Create | Villager (Male) |
| 23:10 | Create | Villager (Male) |
| 23:31 | Build | Gate |
| 23:35 | Create | Spearman |
| 23:46 | Create | Scout Cavalry |
| 23:56 | Build | House |
| 23:57 | Build | House |
| 24:18 | Build | House |
| 24:20 | Build | Stone Wall |
| 24:37 | Create | Villager (Male) |
| 24:40 | Research | Horse Collar |
| 25:00 | Create | Spearman |
| 25:17 | Create | Villager (Male) |
| 25:18 | Create | Villager (Male) |
| 25:42 | Build | Gate |
| 25:51 | Build | Farm |
| 25:55 | Create | Villager (Male) |
| 25:56 | Create | Villager (Male) |
| 26:08 | Create | Spearman |
| 26:09 | Create | Spearman |
| 26:10 | Create | Villager (Male) |
| 26:15 | Build | Farm |
| 26:30 | Build | Farm |
| 26:33 | Build | Farm |
| 26:38 | Create | Spearman |
| 26:48 | Build | Gate |
| 26:50 | Build | Stone Wall |
| 26:52 | Create | Spearman |
| 26:54 | Create | Villager (Male) |
| 26:56 | Create | Spearman |
| 26:57 | Create | Villager (Male) |
| 27:15 | Create | Villager (Male) |
| 27:17 | Create | Spearman |
| 27:34 | Create | Spearman |
| 27:35 | Create | Villager (Male) |
| 28:27 | Build | Blacksmith |
| 28:40 | Build | Blacksmith |
| 28:43 | Create | Villager (Male) |
| 28:47 | Build | Mining Camp |
| 29:01 | Build | Stone Wall |
| 29:05 | Create | Spearman |
| 29:12 | Build | House |
| 29:20 | Build | Stone Wall |
| 29:40 | Build | Stone Wall |
| 29:41 | Create | Villager (Male) |
| 29:53 | Build | House |
| 29:56 | Build | Stone Wall |
| 29:59 | Build | Stone Wall |
| 30:01 | Create | Villager (Male) |
| 30:07 | Build | Farm |
| 30:09 | Build | Farm |
| 30:13 | Build | Farm |
| 30:16 | Create | Villager (Male) |
| 30:18 | Build | Farm |
| 30:37 | Build | Stone Wall |
| 30:41 | Create | Spearman |
| 30:42 | Create | Villager (Male) |
| 30:47 | Research | Double-Bit Axe |
| 31:13 | Create | Villager (Male) |
| 31:33 | Build | Farm |
| 31:54 | Research | Castle Age |
| 31:59 | Build | Archery Range |
| 32:03 | Build | Gate |
| 32:04 | Build | Stone Wall |
| 32:09 | Build | Farm |
| 32:14 | Build | Farm |
| 32:27 | Build | Stone Wall |
| 33:20 | Create | Villager (Male) |
| 33:23 | Build | Gate |
| 33:25 | Build | Stone Wall |
| 33:31 | Build | House |
| 33:33 | Build | House |
| 33:37 | Research | Fletching |
| 33:39 | Create | Spearman |
| 33:47 | Create | Skirmisher ×5 |
| 34:11 | Research | Gold Mining |
| 34:16 | Research | Stone Mining |
| 34:19 | Create | Villager (Male) |
| 34:21 | Create | Spearman |
| 34:27 | Research | Scale Mail Armor |
| 34:31 | Build | House |
| 34:32 | Build | House |
| 34:34 | Create | Spearman |
| 34:41 | Build | Stone Wall |
| 34:45 | Age | Castle Age |
| 34:50 | Build | Stable |
| 34:52 | Create | Villager (Male) |
| 35:00 | Create | Cavalry Archer ×5 |
| 35:09 | Build | House |
| 35:11 | Research | Bow Saw |
| 35:13 | Create | Villager (Male) |
Build order — 289487648
First 150 of 220 actions detected
| 0:41 | Build | Town Center |
| 1:10 | Build | House |
| 1:11 | Build | House |
| 2:57 | Create | Villager (Male) |
| 2:57 | Create | Villager (Male) |
| 2:58 | Create | Villager (Male) |
| 3:00 | Create | Villager (Male) |
| 3:00 | Create | Villager (Male) |
| 3:45 | Create | Villager (Male) |
| 3:45 | Create | Villager (Male) |
| 3:55 | Build | Lumber Camp |
| 4:43 | Create | Villager (Male) |
| 4:43 | Create | Villager (Male) |
| 5:38 | Create | Villager (Male) |
| 5:39 | Create | Villager (Male) |
| 5:39 | Research | Loom |
| 5:42 | Create | Villager (Male) |
| 5:42 | Create | Villager (Male) |
| 6:05 | Create | Villager (Male) |
| 6:06 | Create | Villager (Male) |
| 6:41 | Create | Villager (Male) |
| 6:41 | Create | Villager (Male) |
| 6:55 | Create | Villager (Male) |
| 6:56 | Create | Villager (Male) |
| 7:07 | Create | Villager (Male) |
| 7:07 | Create | Villager (Male) |
| 7:30 | Create | Villager (Male) |
| 7:45 | Build | House |
| 8:05 | Create | Villager (Male) |
| 8:06 | Create | Villager (Male) |
| 8:11 | Build | House |
| 8:26 | Create | Villager (Male) |
| 8:26 | Create | Villager (Male) |
| 8:49 | Create | Villager (Male) |
| 8:49 | Create | Villager (Male) |
| 9:11 | Build | House |
| 9:25 | Build | House |
| 9:48 | Create | Villager (Male) |
| 9:55 | Create | Villager (Male) |
| 10:14 | Create | Villager (Male) |
| 10:23 | Create | Villager (Male) |
| 10:43 | Create | Villager (Male) |
| 10:51 | Build | Mill |
| 10:57 | Build | House |
| 11:15 | Build | House |
| 11:33 | Create | Villager (Male) |
| 11:42 | Create | Villager (Male) |
| 11:43 | Create | Villager (Male) |
| 11:47 | Build | Lumber Camp |
| 12:04 | Create | Villager (Male) |
| 12:10 | Create | Villager (Male) |
| 12:49 | Create | Villager (Male) |
| 13:13 | Create | Villager (Male) |
| 13:27 | Create | Villager (Male) |
| 13:38 | Research | Feudal Age |
| 13:51 | Build | Mining Camp |
| 15:25 | Create | Villager (Male) |
| 15:48 | Create | Villager (Male) |
| 15:49 | Age | Feudal Age |
| 15:57 | Build | Market |
| 16:01 | Build | Blacksmith |
| 16:10 | Create | Villager (Male) |
| 16:13 | Research | Double-Bit Axe |
| 16:51 | Research | Horse Collar |
| 16:51 | Research | Horse Collar |
| 17:09 | Research | Castle Age |
| 17:10 | Research | Castle Age |
| 17:20 | Build | Barracks |
| 17:45 | Create | Villager (Male) |
| 18:13 | Create | Villager (Male) |
| 18:16 | Build | Stable |
| 18:21 | Research | Scale Barding Armor |
| 18:21 | Research | Forging |
| 18:23 | Create | Villager (Male) |
| 19:03 | Create | Scout Cavalry |
| 19:03 | Create | Scout Cavalry |
| 19:49 | Age | Castle Age |
| 19:53 | Build | Town Center |
| 20:04 | Build | Farm |
| 20:04 | Build | Farm |
| 20:05 | Build | Farm |
| 20:26 | Research | Bloodlines |
| 20:34 | Create | Villager (Male) |
| 20:54 | Build | Farm |
| 20:54 | Build | Farm |
| 20:54 | Build | Farm |
| 21:09 | Create | Villager (Male) |
| 21:17 | Create | Villager (Male) |
| 21:18 | Create | Villager (Male) |
| 21:18 | Create | Villager (Male) |
| 21:25 | Create | Villager (Male) |
| 21:40 | Create | Villager (Male) |
| 21:46 | Create | Villager (Male) |
| 21:49 | Build | Farm |
| 21:50 | Build | Farm |
| 21:50 | Build | Farm |
| 22:08 | Build | Farm |
| 22:09 | Build | Farm |
| 22:09 | Build | Farm |
| 22:09 | Build | Farm |
| 22:11 | Create | Villager (Male) |
| 22:30 | Build | House |
| 22:53 | Build | Monastery |
| 22:54 | Create | Villager (Male) |
| 23:02 | Create | Villager (Male) |
| 23:12 | Build | House |
| 23:17 | Build | House |
| 23:22 | Create | Villager (Male) |
| 23:31 | Research | Bow Saw |
| 23:31 | Research | Bow Saw |
| 23:40 | Build | Lumber Camp |
| 24:17 | Build | House |
| 24:17 | Create | Villager (Male) |
| 24:18 | Create | Villager (Male) |
| 24:28 | Create | Villager (Male) |
| 24:30 | Build | Mining Camp |
| 24:41 | Create | Villager (Male) |
| 24:52 | Create | Villager (Male) |
| 24:53 | Create | Villager (Male) |
| 24:59 | Create | Monk |
| 24:59 | Create | Monk |
| 24:59 | Create | Monk |
| 25:00 | Create | Villager (Male) |
| 25:13 | Build | Monastery |
| 25:27 | Create | Villager (Male) |
| 25:38 | Create | Villager (Male) |
| 25:46 | Build | Market |
| 25:50 | Build | Market |
| 25:57 | Create | Villager (Male) |
| 26:12 | Create | Villager (Male) |
| 26:20 | Build | Market |
| 26:21 | Create | Villager (Male) |
| 26:32 | Create | Villager (Male) |
| 26:35 | Build | House |
| 26:39 | Build | House |
| 26:46 | Research | Iron Casting |
| 26:50 | Build | House |
| 26:56 | Create | Villager (Male) |
| 27:05 | Create | Monk |
| 27:08 | Build | House |
| 27:15 | Create | Villager (Male) |
| 27:25 | Create | Villager (Male) |
| 27:29 | Build | Farm |
| 27:29 | Build | Farm |
| 27:30 | Build | Farm |
| 27:30 | Build | Farm |
| 27:31 | Create | Villager (Male) |
| 27:57 | Create | Villager (Male) |
| 28:03 | Build | Market |
| 28:10 | Create | Trade Cart ×5 |
Build order — SixSoulSaint
117 actions detected in the replay
| 0:18 | Build | Town Center |
| 2:55 | Build | House |
| 3:01 | Build | House |
| 3:05 | Create | Villager (Male) |
| 3:05 | Create | Villager (Male) |
| 3:05 | Create | Villager (Male) |
| 3:06 | Create | Villager (Male) |
| 4:11 | Build | Mill |
| 4:22 | Create | Villager (Male) |
| 5:17 | Create | Villager (Male) |
| 5:27 | Create | Villager (Male) |
| 6:04 | Create | Villager (Male) |
| 6:18 | Create | Villager (Male) |
| 6:35 | Build | House |
| 7:03 | Create | Villager (Male) |
| 7:46 | Build | Barracks |
| 7:50 | Create | Villager (Male) |
| 8:35 | Build | Farm |
| 8:40 | Create | Villager (Male) |
| 8:49 | Create | Militia |
| 9:57 | Create | Villager (Male) |
| 9:57 | Create | Villager (Male) |
| 10:08 | Build | Farm |
| 10:37 | Build | Lumber Camp |
| 10:46 | Create | Villager (Male) |
| 10:46 | Create | Villager (Male) |
| 11:08 | Create | Villager (Male) |
| 11:21 | Build | Farm |
| 11:26 | Build | Farm |
| 11:35 | Build | Farm |
| 11:50 | Build | House |
| 11:53 | Build | House |
| 12:43 | Build | Palisade Wall |
| 13:39 | Research | Feudal Age |
| 14:01 | Build | Palisade Gate |
| 14:06 | Create | Villager (Male) |
| 14:06 | Create | Villager (Male) |
| 15:20 | Build | Mining Camp |
| 15:50 | Create | Villager (Male) |
| 15:50 | Create | Villager (Male) |
| 16:05 | Build | Archery Range |
| 16:12 | Build | Stable |
| 16:35 | Build | Blacksmith |
| 16:49 | Create | Villager (Male) |
| 16:49 | Create | Villager (Male) |
| 16:55 | Research | Double-Bit Axe |
| 17:19 | Build | Market |
| 17:31 | Create | Spearman |
| 17:31 | Create | Spearman |
| 17:53 | Build | Mining Camp |
| 17:55 | Create | Villager (Male) |
| 17:56 | Create | Villager (Male) |
| 18:33 | Build | House |
| 18:37 | Build | House |
| 18:39 | Build | House |
| 18:43 | Build | House |
| 18:53 | Research | Bloodlines |
| 18:54 | Create | Scout Cavalry |
| 18:55 | Create | Scout Cavalry |
| 18:55 | Create | Scout Cavalry |
| 20:56 | Build | House |
| 21:06 | Build | Palisade Wall |
| 21:22 | Research | Forging |
| 21:26 | Research | Fletching |
| 21:30 | Research | Padded Archer Armor |
| 21:44 | Create | Villager (Male) |
| 21:44 | Create | Villager (Male) |
| 21:52 | Build | Farm |
| 22:04 | Build | Farm |
| 22:11 | Build | Farm |
| 22:19 | Research | Horse Collar |
| 23:05 | Build | Farm |
| 24:01 | Build | Archery Range |
| 24:10 | Research | Scale Barding Armor |
| 24:32 | Research | Man-at-Arms (upgrade) |
| 24:33 | Research | Arson |
| 25:18 | Research | Castle Age |
| 25:25 | Research | Gold Mining |
| 25:48 | Build | Farm |
| 27:56 | Build | Palisade Gate |
| 28:20 | Build | Castle |
| 29:13 | Build | Palisade Gate |
| 29:29 | Build | House |
| 29:29 | Build | House |
| 29:30 | Build | House |
| 29:31 | Build | House |
| 29:31 | Build | House |
| 29:41 | Research | Thumb Ring |
| 29:42 | Create | Unit 1952 ×5 |
| 29:42 | Create | Unit 1952 ×5 |
| 30:08 | Research | Bodkin Arrow |
| 30:09 | Research | Leather Archer Armor |
| 30:11 | Research | Forging |
| 30:21 | Research | Husbandry |
| 30:59 | Build | Outpost |
| 31:01 | Build | Outpost |
| 31:04 | Build | Outpost |
| 31:07 | Build | Outpost |
| 31:36 | Build | Farm |
| 31:49 | Build | Farm |
| 32:13 | Create | Villager (Male) |
| 32:14 | Create | Villager (Male) |
| 32:14 | Create | Villager (Male) |
| 32:14 | Create | Villager (Male) |
| 32:14 | Create | Villager (Male) |
| 32:32 | Build | Siege Workshop |
| 32:50 | Build | Mining Camp |
| 33:27 | Create | Unit 1949 ×4 |
| 33:40 | Create | Militia |
| 33:41 | Create | Spearman |
| 34:33 | Build | University |
| 35:24 | Create | Villager (Male) |
| 35:24 | Create | Villager (Male) |
| 35:25 | Create | Villager (Male) |
| 35:43 | Create | Unit 1952 ×5 |
| 35:54 | Create | Mangonel |
| 35:56 | Create | Mangonel |
Build order — ハク
First 150 of 152 actions detected
| 1:21 | Build | Town Center |
| 3:11 | Create | Villager (Male) |
| 3:12 | Create | Villager (Male) |
| 3:43 | Research | Loom |
| 3:46 | Create | Villager (Male) |
| 4:11 | Create | Villager (Male) |
| 4:46 | Create | Villager (Male) |
| 5:17 | Create | Villager (Male) |
| 5:18 | Create | Villager (Male) |
| 5:37 | Research | Loom |
| 5:44 | Create | Villager (Male) |
| 5:45 | Create | Villager (Male) |
| 5:47 | Create | Villager (Male) |
| 5:47 | Create | Villager (Male) |
| 6:45 | Build | Mill |
| 6:55 | Create | Villager (Male) |
| 6:56 | Create | Villager (Male) |
| 7:22 | Create | Villager (Male) |
| 7:35 | Create | Villager (Male) |
| 8:35 | Create | Villager (Male) |
| 9:03 | Create | Villager (Male) |
| 9:11 | Create | Villager (Male) |
| 9:11 | Create | Villager (Male) |
| 9:12 | Create | Villager (Male) |
| 10:01 | Create | Villager (Male) |
| 10:26 | Create | Villager (Male) |
| 11:15 | Build | Mining Camp |
| 11:56 | Research | Feudal Age |
| 11:56 | Research | Feudal Age |
| 12:14 | Create | Villager (Male) |
| 12:58 | Build | Lumber Camp |
| 13:41 | Create | Villager (Male) |
| 14:06 | Age | Feudal Age |
| 14:13 | Build | Market |
| 14:20 | Build | Blacksmith |
| 14:31 | Create | Villager (Male) |
| 15:01 | Build | Farm |
| 15:01 | Build | Farm |
| 15:02 | Build | Farm |
| 15:39 | Create | Villager (Male) |
| 16:05 | Research | Castle Age |
| 16:05 | Research | Castle Age |
| 16:05 | Research | Castle Age |
| 16:51 | Research | Double-Bit Axe |
| 17:22 | Create | Villager (Male) |
| 17:23 | Create | Villager (Male) |
| 17:33 | Build | Barracks |
| 18:43 | Build | Archery Range |
| 18:45 | Age | Castle Age |
| 18:56 | Create | Villager (Male) |
| 18:57 | Create | Villager (Male) |
| 19:06 | Build | Town Center |
| 19:18 | Research | Bow Saw |
| 19:41 | Research | Gold Mining |
| 19:58 | Create | Cavalry Archer |
| 19:58 | Create | Cavalry Archer |
| 20:22 | Research | Wheelbarrow |
| 20:38 | Build | Town Center |
| 20:45 | Create | Villager (Male) |
| 21:06 | Create | Villager (Male) |
| 21:07 | Create | Villager (Male) |
| 21:36 | Create | Cavalry Archer |
| 21:36 | Create | Cavalry Archer |
| 21:55 | Create | Villager (Male) |
| 21:56 | Create | Villager (Male) |
| 22:16 | Create | Villager (Male) |
| 22:16 | Create | Villager (Male) |
| 22:17 | Create | Villager (Male) |
| 22:51 | Build | Farm |
| 22:51 | Build | Farm |
| 22:51 | Build | Farm |
| 22:52 | Build | Farm |
| 22:56 | Create | Villager (Male) |
| 22:57 | Create | Villager (Male) |
| 23:12 | Create | Villager (Male) |
| 23:25 | Build | Farm |
| 23:28 | Create | Villager (Male) |
| 23:36 | Create | Cavalry Archer |
| 23:37 | Create | Cavalry Archer |
| 23:37 | Create | Cavalry Archer |
| 23:37 | Create | Cavalry Archer |
| 23:57 | Build | Farm |
| 23:59 | Create | Villager (Male) |
| 24:08 | Create | Villager (Male) |
| 24:12 | Research | Horse Collar |
| 24:12 | Research | Horse Collar |
| 24:36 | Build | Farm |
| 24:38 | Create | Villager (Male) |
| 24:43 | Build | Farm |
| 24:51 | Create | Villager (Male) |
| 24:51 | Create | Villager (Male) |
| 25:03 | Create | Villager (Male) |
| 25:05 | Create | Villager (Male) |
| 25:14 | Build | Farm |
| 25:25 | Research | Heavy Plow |
| 25:40 | Build | Farm |
| 25:44 | Build | Farm |
| 25:53 | Create | Villager (Male) |
| 25:54 | Create | Villager (Male) |
| 25:54 | Create | Villager (Male) |
| 26:14 | Research | Fletching |
| 26:43 | Create | Villager (Male) |
| 26:45 | Create | Villager (Male) |
| 27:08 | Research | Thumb Ring |
| 27:08 | Research | Thumb Ring |
| 27:28 | Build | Farm |
| 27:29 | Build | Farm |
| 27:29 | Build | Farm |
| 27:32 | Build | Farm |
| 27:33 | Build | Farm |
| 27:50 | Research | Hand Cart |
| 27:50 | Research | Hand Cart |
| 28:25 | Build | Stable |
| 28:34 | Build | Archery Range |
| 28:38 | Build | Archery Range |
| 28:41 | Create | Villager (Male) |
| 28:43 | Create | Villager (Male) |
| 28:44 | Create | Villager (Male) |
| 28:45 | Create | Villager (Male) |
| 28:45 | Create | Villager (Male) |
| 29:00 | Build | Lumber Camp |
| 29:11 | Research | Bodkin Arrow |
| 29:25 | Build | University |
| 29:55 | Research | Bloodlines |
| 29:56 | Research | Husbandry |
| 30:23 | Build | Castle |
| 30:37 | Build | Castle |
| 30:56 | Research | Ballistics |
| 31:06 | Build | Mining Camp |
| 31:09 | Create | Villager (Male) |
| 31:09 | Create | Villager (Male) |
| 31:10 | Create | Villager (Male) |
| 31:13 | Create | Villager (Male) |
| 31:13 | Create | Villager (Male) |
| 31:14 | Create | Villager (Male) |
| 31:14 | Create | Villager (Male) |
| 31:16 | Create | Villager (Male) |
| 31:17 | Create | Villager (Male) |
| 31:17 | Create | Villager (Male) |
| 31:17 | Create | Villager (Male) |
| 31:18 | Create | Villager (Male) |
| 31:49 | Research | Padded Archer Armor |
| 32:27 | Build | Farm |
| 32:28 | Build | Farm |
| 32:28 | Build | Farm |
| 32:31 | Build | Farm |
| 33:01 | Create | Cavalry Archer ×5 |
| 33:02 | Create | Cavalry Archer ×5 |
| 33:03 | Create | Cavalry Archer ×5 |
| 33:08 | Create | Cavalry Archer ×5 |
Build order — Raikadeptrai
38 actions detected in the replay
| 2:49 | Build | Town Center |
| 7:27 | Create | Villager (Male) ×4 |
| 8:49 | Build | House |
| 8:56 | Build | House |
| 10:12 | Build | Lumber Camp |
| 10:23 | Build | House |
| 11:05 | Create | Villager (Male) |
| 11:07 | Create | Villager (Male) ×2 |
| 12:55 | Research | Loom |
| 12:57 | Create | Villager (Male) |
| 14:51 | Build | House |
| 15:37 | Build | Barracks |
| 16:37 | Build | Mill |
| 17:25 | Build | Farm |
| 17:27 | Build | Farm |
| 17:49 | Create | Villager (Male) |
| 18:34 | Create | Militia |
| 18:34 | Create | Militia |
| 18:35 | Create | Militia |
| 18:35 | Create | Militia |
| 18:38 | Create | Militia |
| 19:05 | Build | Mining Camp |
| 19:59 | Build | Mining Camp |
| 20:38 | Create | Villager (Male) |
| 20:39 | Create | Villager (Male) ×2 |
| 25:02 | Create | Villager (Male) ×2 |
| 28:16 | Build | Mill |
| 32:10 | Research | Feudal Age |
| 34:20 | Age | Feudal Age |
| 34:23 | Research | Wheelbarrow |
| 34:36 | Build | Farm |
| 34:38 | Build | Farm |
| 34:39 | Build | Farm |
| 34:41 | Build | Farm |
| 34:44 | Build | Farm |
| 34:45 | Build | Farm |
| 34:46 | Build | Farm |
| 35:08 | Build | Town Center |
Build order — Alaric the Visigoth
First 150 of 286 actions detected
| 0:27 | Build | Town Center |
| 0:52 | Build | Mill |
| 1:47 | Build | House |
| 2:27 | Build | House |
| 2:45 | Build | Palisade Wall |
| 2:46 | Build | Palisade Wall |
| 2:50 | Build | Palisade Wall |
| 2:53 | Build | House |
| 3:02 | Create | Villager (Male) |
| 3:06 | Create | Villager (Male) |
| 3:06 | Create | Villager (Male) |
| 3:06 | Create | Villager (Male) |
| 3:06 | Create | Villager (Male) |
| 4:47 | Research | Loom |
| 4:47 | Research | Loom |
| 4:50 | Create | Villager (Male) |
| 4:50 | Create | Villager (Male) |
| 4:50 | Create | Villager (Male) |
| 4:50 | Create | Villager (Male) |
| 5:34 | Create | Villager (Male) |
| 5:34 | Create | Villager (Male) |
| 5:35 | Create | Villager (Male) |
| 5:35 | Create | Villager (Male) |
| 6:01 | Create | Villager (Male) |
| 6:02 | Create | Villager (Male) |
| 6:05 | Create | Villager (Male) |
| 6:44 | Create | Villager (Male) |
| 6:44 | Create | Villager (Male) |
| 6:44 | Create | Villager (Male) |
| 6:58 | Create | Villager (Male) |
| 6:59 | Build | House |
| 7:08 | Create | Villager (Male) |
| 7:09 | Create | Villager (Male) |
| 8:23 | Create | Villager (Male) |
| 8:23 | Create | Villager (Male) |
| 8:23 | Create | Villager (Male) |
| 8:46 | Create | Villager (Male) |
| 8:46 | Create | Villager (Male) |
| 8:46 | Create | Villager (Male) |
| 8:46 | Create | Villager (Male) |
| 8:47 | Create | Villager (Male) |
| 8:58 | Build | Mill |
| 9:02 | Create | Villager (Male) |
| 9:02 | Create | Villager (Male) |
| 9:03 | Create | Villager (Male) |
| 9:03 | Create | Villager (Male) |
| 9:03 | Create | Villager (Male) |
| 9:09 | Build | House |
| 9:52 | Create | Villager (Male) |
| 9:53 | Create | Villager (Male) |
| 10:23 | Build | Barracks |
| 10:24 | Create | Villager (Male) |
| 10:24 | Create | Villager (Male) |
| 11:10 | Build | House |
| 11:19 | Build | House |
| 11:23 | Create | Villager (Male) |
| 11:24 | Create | Villager (Male) |
| 11:49 | Build | House |
| 12:01 | Build | Mining Camp |
| 12:05 | Research | Feudal Age |
| 14:06 | Create | Villager (Male) |
| 14:07 | Create | Villager (Male) |
| 14:11 | Create | Villager (Male) |
| 14:27 | Age | Feudal Age |
| 14:32 | Build | Stable |
| 14:40 | Build | Stable |
| 14:50 | Build | Blacksmith |
| 14:55 | Build | Blacksmith |
| 15:47 | Research | Castle Age |
| 15:47 | Research | Castle Age |
| 15:48 | Research | Castle Age |
| 15:55 | Create | Scout Cavalry |
| 16:04 | Build | Palisade Wall |
| 16:05 | Build | Palisade Wall |
| 16:13 | Build | House |
| 16:31 | Create | Scout Cavalry |
| 16:36 | Research | Scale Barding Armor |
| 16:36 | Research | Scale Barding Armor |
| 16:45 | Build | Mill |
| 16:56 | Build | Lumber Camp |
| 17:02 | Create | Scout Cavalry |
| 17:34 | Create | Scout Cavalry |
| 17:41 | Build | House |
| 17:44 | Research | Double-Bit Axe |
| 17:44 | Research | Double-Bit Axe |
| 18:13 | Build | House |
| 18:13 | Build | House |
| 18:19 | Build | House |
| 18:20 | Build | House |
| 18:27 | Age | Castle Age |
| 18:29 | Create | Villager (Male) |
| 18:30 | Research | Bow Saw |
| 18:30 | Research | Bow Saw |
| 18:31 | Research | Bow Saw |
| 18:51 | Build | Town Center |
| 18:59 | Create | Villager (Male) |
| 19:18 | Create | Villager (Male) |
| 19:23 | Research | Horse Collar |
| 19:24 | Research | Horse Collar |
| 19:28 | Build | Farm |
| 19:36 | Build | Farm |
| 19:47 | Create | Villager (Male) |
| 20:01 | Build | Farm |
| 20:04 | Build | Farm |
| 20:05 | Create | Villager (Male) |
| 20:19 | Research | Light Cavalry (upgrade) |
| 20:19 | Research | Light Cavalry (upgrade) |
| 20:19 | Research | Light Cavalry (upgrade) |
| 20:27 | Build | Farm |
| 20:30 | Build | Farm |
| 20:49 | Create | Villager (Male) |
| 20:49 | Create | Villager (Male) |
| 20:49 | Create | Villager (Male) |
| 21:00 | Build | Market |
| 21:06 | Create | Villager (Male) |
| 21:11 | Build | Farm |
| 21:20 | Create | Villager (Male) |
| 21:26 | Create | Villager (Male) |
| 21:30 | Build | Farm |
| 21:35 | Build | Farm |
| 21:36 | Create | Villager (Male) |
| 21:48 | Create | Villager (Male) |
| 21:58 | Build | Farm |
| 22:01 | Create | Villager (Male) |
| 22:01 | Create | Villager (Male) |
| 22:03 | Build | Farm |
| 22:10 | Create | Villager (Male) |
| 22:24 | Create | Villager (Male) |
| 22:35 | Build | Mining Camp |
| 22:36 | Create | Villager (Male) |
| 22:38 | Create | Villager (Male) |
| 22:41 | Build | Farm |
| 23:09 | Build | House |
| 23:16 | Create | Villager (Male) |
| 23:39 | Create | Villager (Male) |
| 23:43 | Build | Mining Camp |
| 23:44 | Create | Villager (Male) |
| 23:48 | Create | Villager (Male) |
| 23:54 | Research | Stone Mining |
| 23:54 | Research | Stone Mining |
| 24:04 | Build | Farm |
| 24:05 | Build | Farm |
| 24:06 | Build | Farm |
| 24:18 | Research | Heavy Plow |
| 24:19 | Research | Heavy Plow |
| 24:19 | Create | Villager (Male) |
| 24:23 | Research | Wheelbarrow |
| 24:23 | Research | Wheelbarrow |
| 24:24 | Research | Wheelbarrow |
| 24:42 | Research | Bloodlines |
Match timeline
| 2:45 | Alaric the Visigoth · wall_segment Palisade Wall x1 |
| 2:46 | Alaric the Visigoth · wall_segment Palisade Wall x1 |
| 2:50 | Alaric the Visigoth · wall_segment Palisade Wall x1 |
| 7:46 | SixSoulSaint · first_building Barracks |
| 10:23 | Alaric the Visigoth · first_building Barracks |
| 12:43 | SixSoulSaint · wall_segment Palisade Wall x12 |
| 14:06 | ハク · age_up feudal |
| 14:27 | Alaric the Visigoth · age_up feudal |
| 14:32 | Alaric the Visigoth · first_building Stable |
| 15:17 | Twixxo · first_building Barracks |
| 15:37 | Raikadeptrai · first_building Barracks |
| 15:49 | 289487648 · age_up feudal |
| 16:04 | Alaric the Visigoth · wall_segment Palisade Wall x2 |
| 16:05 | SixSoulSaint · first_building Archery Range |
| 16:05 | Alaric the Visigoth · wall_segment Palisade Wall x2 |
| 16:12 | SixSoulSaint · first_building Stable |
| 17:20 | 289487648 · first_building Barracks |
| 17:33 | ハク · first_building Barracks |
| 18:16 | 289487648 · first_building Stable |
| 18:27 | Alaric the Visigoth · age_up castle |
| 18:43 | ハク · first_building Archery Range |
| 18:45 | ハク · age_up castle |
| 19:49 | 289487648 · age_up castle |
| 21:03 | Twixxo · age_up feudal |
| 21:06 | SixSoulSaint · wall_segment Palisade Wall x10 |
| 22:48 | Twixxo · first_building Stable |
| 22:53 | 289487648 · first_building Monastery |
| 24:20 | Twixxo · wall_segment Stone Wall x5 |
| 25:02 | SixSoulSaint · first_market_buy 100 food |
| 25:09 | SixSoulSaint · first_market_sell 100 wood |
| 26:50 | Twixxo · wall_segment Stone Wall x3 |
| 28:15 | Alaric the Visigoth · first_building Castle |
| 28:20 | SixSoulSaint · first_building Castle |
| 28:20 | Alaric the Visigoth · wall_segment Stone Wall x1 |
| 28:22 | Alaric the Visigoth · wall_segment Stone Wall x2 |
| 28:22 | Alaric the Visigoth · wall_segment Stone Wall x1 |
| 28:24 | Alaric the Visigoth · wall_segment Stone Wall x1 |
| 28:25 | ハク · first_building Stable |
| 28:26 | Alaric the Visigoth · wall_segment Stone Wall x2 |
| 28:55 | Alaric the Visigoth · wall_segment Stone Wall x15 |
| 29:01 | Twixxo · wall_segment Stone Wall x6 |
| 29:20 | Twixxo · wall_segment Stone Wall x7 |
| 29:31 | Alaric the Visigoth · wall_segment Stone Wall x18 |
| 29:40 | Twixxo · wall_segment Stone Wall x9 |
| 29:56 | Twixxo · wall_segment Stone Wall x1 |
| 29:59 | Twixxo · wall_segment Stone Wall x3 |
| 30:18 | 289487648 · first_market_buy 100 food |
| 30:23 | ハク · first_building Castle |
| 30:33 | Alaric the Visigoth · wall_segment Stone Wall x19 |
| 30:37 | Twixxo · wall_segment Stone Wall x4 |
| 31:06 | Alaric the Visigoth · first_building Siege Workshop |
| 31:27 | Alaric the Visigoth · wall_segment Stone Wall x3 |
| 31:30 | Alaric the Visigoth · wall_segment Stone Wall x9 |
| 31:41 | Alaric the Visigoth · first_market_sell 100 wood |
| 31:59 | Twixxo · first_building Archery Range |
| 32:03 | 289487648 · wall_segment Stone Wall x1 |
| 32:04 | Twixxo · wall_segment Stone Wall x10 |
| 32:06 | 289487648 · wall_segment Stone Wall x1 |
| 32:27 | Twixxo · wall_segment Stone Wall x4 |
| 32:32 | SixSoulSaint · first_building Siege Workshop |
| 33:15 | 289487648 · wall_segment Stone Wall x1 |
| 33:25 | Twixxo · wall_segment Stone Wall x6 |
| 34:12 | Alaric the Visigoth · wall_segment Stone Wall x1 |
| 34:20 | Raikadeptrai · age_up feudal |
| 34:41 | Twixxo · wall_segment Stone Wall x8 |
| 34:45 | Twixxo · age_up castle |
| 34:54 | Alaric the Visigoth · age_up imperial |
| 35:54 | ハク · resign |
[ AI ANALYSIS · 1 CREDIT ]
What really happened in this match?
Wolo.gg analyzes every decision: build order, eco, micro, common mistakes by bracket. Personalized analysis on WhatsApp or Discord in 30 seconds.
Civ guide
Teutons
Perfil
Twixxo